[Event "NJSK 2024 C"]
[Site "Groningen, Netherlands"]
[Date "2024.04.29"]
[Round "4.6"]
[White "Okita, Shinsaku"]
[Black "Darie, Aden"]
[Result "0-1"]
[TimeControl "90min/40moves + 30min + 30sec/move"]
[WhiteElo "1826"]
[BlackElo "1923"]

1. e4 c6 2. d4 d5 3. exd5 cxd5 4. Bd3 Nc6 5. c3 Qc7 6. Ne2 e5 7. dxe5 Nxe5 8. Bc2 Nf6 9. Bf4 Bd6 10.
Bg3 O-O 11. Nd4 Bg4 12. f3 Rae8 13. O-O Bd7 14. b3 Nh5 15. f4 Ng4 16. Bf5 Nxg3 17. Qxg4 Nxf5 18. Nxf5 g6 19. Nh6+ Kg7 20.
f5 Bxh2+ 21. Kh1 Qg3 22. f6+ Kxh6 23. Qxd7 Re2 24. Qxd5 Qh4 25. Qd7 Bg3+ 26. Qh3 Qxh3+ 27. gxh3 Rfe8 28.
Na3 Rh2+ 29. Kg1 Ree2 30. Rfd1 a6 31. Nc4 b5 32. Nd6 Kg5 33. Nxf7+ Kxf6 34. Rf1+ Kg7 35. Rf3 Reg2+ 36. Kf1 Rf2+ 0-1

[Event "NJSK 2024 C"]
[Site "Groningen, Netherlands"]
[Date "2024.04.29"]
[Round "4.7"]
[White "De Wit, Evan"]
[Black "Zecha, Oscar"]
[Result "1/2-1/2"]
[TimeControl "90min/40moves + 30min + 30sec/move"]
[WhiteElo "1769"]
[BlackElo "1998"]

1. d4 Nf6 2. c4 e6 3. Nc3 Bb4 4. e3 O-O 5. a3 Bxc3+ 6. bxc3 c5 7. Bd3 Nc6 8. Ne2 b6 9. O-O Ba6 10.
e4 Ne8 11. Qc2 Na5 12. Be3 cxd4 13. cxd4 Bxc4 14. Bd2 Bxd3 15. Qxd3 Nb7 16. Qa6 Nbd6 17. Bb4 Nxe4 18. Bxf8 Kxf8 19.
d5 exd5 20. Qd3 N8f6 21. Nf4 Qc7 22. Nxd5 Qd6 23. Nb4 Qc5 24. Rad1 Rc8 25. Nd5 Qxd5 26. Qxd5 Nxd5 27. Rxd5 Nf6 28. Rdd1 Rc3 29. a4 Rc4 30. Ra1 Ke7 31. Rfb1 Kd6 32.
a5 Kc5 33. axb6 axb6 34. Ra6 b5 35. Ra8 b4 36. Rc8+ Kd5 37. Rb8 Kd4 38. R8xb4 d5 39. Rb7 Kc3 40. Kf1 Ne4 41. Ke2 Nd6 42.
Rd7 Re4+ 43. Kd1 Nc4 44. Rxd5 Nb2+ 45. Rxb2 Kxb2 46. Rd7 Rf4 47. f3 Kc3 48. Ke2 Kc4 49. Ke3 Rf6 50. f4 Kc5 51.
Kf3 Kc6 52. Rd8 g5 53. g3 gxf4 54. gxf4 1/2-1/2

[Event "NJSK 2024 C"]
[Site "Groningen, Netherlands"]
[Date "2024.04.29"]
[Round "4.8"]
[White "Leenen, Boyd"]
[Black "Tetova, Amir"]
[Result "1/2-1/2"]
[TimeControl "90min/40moves + 30min + 30sec/move"]
[WhiteElo "1920"]
[BlackElo "1767"]

1. d4 Nf6 2. c4 g6 3. Nc3 Bg7 4. e4 d6 5. f3 O-O 6. Be3 e5 7. d5 c5 8. Qd2 a5 9. g4 Bd7 10.
O-O-O Na6 11. Bh6 Nc7 12. a4 Qe8 13. b3 Na6 14. h4 Nb4 15. h5 Qe7 16. Bxg7 Kxg7 17. hxg6 fxg6 18. Qh6+ Kg8 19.
Be2 Qg7 20. Qg5 Kf7 21. Rf1 Rh8 22. Qe3 g5 23. Rf2 h6 24. Rfh2 Ke7 25. Bd1 b6 26. Nge2 Raf8 27. Ng3 Kd8 28.
Be2 Ke7 29. Qg1 Rh7 30. Nd1 Rfh8 31. Ne3 Qg6 32. Rh3 h5 33. Nef5+ Bxf5 34. Nxf5+ Kd7 1/2-1/2

[Event "NJSK 2024 C"]
[Site "Groningen, Netherlands"]
[Date "2024.04.29"]
[Round "4.9"]
[White "Roorda, Cas"]
[Black "Klein Tuente, Sam"]
[Result "1-0"]
[TimeControl "90min/40moves + 30min + 30sec/move"]
[WhiteElo "1828"]
[BlackElo "1732"]

1. e4 c5 2. Nf3 e6 3. d4 cxd4 4. Nxd4 Nc6 5. Nc3 Qc7 6. Be3 a6 7. g4 b5 8. Nxc6 dxc6 9. f4 Bb7 10.
Bg2 Rd8 11. Qf3 Bb4 12. O-O c5 13. Ne2 f5 14. gxf5 exf5 15. Qf2 Nf6 16. exf5 O-O 17. h3 Bxg2 18. Kxg2 Rfe8 19. c3 Nd5 20.
Bd2 Ba5 21. Ng3 c4 22. Rae1 Bb6 23.
Qf3 Rxe1 24. Rxe1 Nf6 25. Be3 h6 26. Bxb6 Qxb6 27. Qe3 Qc6+ 28. Qf3 Nd5 29. Kh1 Rd6 30. Kh2 Qc8 31. Rd1 Qd8 32.
Ne4 Rd7 33. Nc5 Rd6 34. Nb7 Qb6 35. Nxd6 Ne3 36. Re1 Nd5 37. Qxd5+ Kh7 38. Ne4 Qc7 39. Qe5 1-0

[Event "NJSK 2024 C"]
[Site "Groningen, Netherlands"]
[Date "2024.04.29"]
[Round "4.10"]
[White "Frederiks, Jesse"]
[Black "Haque, Nishaaz"]
[Result "1-0"]
[TimeControl "90min/40moves + 30min + 30sec/move"]
[WhiteElo "1718"]
[BlackElo "1803"]

1. d4 d5 2. c4 e6 3. Nc3 a6 4. cxd5 exd5 5. Nf3 c6 6. Bf4 Bd6 7. Bxd6 Qxd6 8. e3 Ne7 9. Bd3 Bf5 10.
O-O O-O 11. Ne2 Nd7 12. Ng3 Bg6 13. Bxg6 hxg6 14. Qd2 Nf5 15. Nxf5 gxf5 16. Ne1 Nf6 17. f3 g6 18. Nd3 Rfe8 19.
Rac1 Nd7 20. Rfe1 Re6 21. Qf2 Rae8 22. Nf4 R6e7 23. h4 Nf8 24. g3 Ne6 25. Nxe6 Rxe6 26. Rc2 Qe7 27. Rce2 Kg7 28.
Kg2 b6 29. f4 c5 30. Kf1 Re4 31. Qf3 Qd7 32. Rd1 c4 33. Kf2 Qa4 34. Rg1 Qxa2 35. h5 Rh8 36. g4 fxg4 37. Qxg4 Re6 38.
Qf5 Qa5 39. Rxg6+ Rxg6 40. hxg6 Rh2+ 41. Kf3 Rxe2 {time} 1-0

[Event "NJSK 2024 C"]
[Site "Groningen, Netherlands"]
[Date "2024.04.29"]
[Round "4.11"]
[White "Etienne, Ghilon"]
[Black "Ngangbam, Chingthang"]
[Result "0-1"]
[TimeControl "90min/40moves + 30min + 30sec/move"]
[WhiteElo "1793"]
[BlackElo "1713"]

1. e4 c5 2. Nf3 d6 3. d4 cxd4 4. Nxd4 Nf6 5. Nc3 g6 6. f3 Bg7 7. Be3 O-O 8. Qd2 Nc6 9. g4 d5 10.
exd5 Nxd5 11. Nxc6 bxc6 12. Nxd5 cxd5 13. O-O-O Rb8 14. c3 Qc7 15. Bh6 Bxh6 16. Qxh6 Qa5 17. a3 Qb6 18. Qd2 d4 19. cxd4 Be6 20. b4 a5 21.
b5 Bb3 22. Re1 Rfc8+ 23. Kb1 Qd6 24. Qb2 a4 25. Bd3 Qd5 26. Rhf1 Bc2+ 27. Bxc2 Rxb5 28. Rd1 Rxb2+ 29. Kxb2 Qb5+ 30.
Kc1 Qe2 0-1

[Event "NJSK 2024 C"]
[Site "Groningen, Netherlands"]
[Date "2024.04.29"]
[Round "4.12"]
[White "Van Haaften, Jelle"]
[Black "Lalkota, Sai Pranav Tejas"]
[Result "0-1"]
[TimeControl "90min/40moves + 30min + 30sec/move"]
[WhiteElo "1655"]
[BlackElo "1782"]

1. c4 e5 2. Nc3 Nc6 3. g3 g6 4. Bg2 Bg7 5. d3 Nge7 6. e4 d6 7. Nge2 O-O 8. O-O f5 9. a3 a5 10.
Rb1 Be6 11. b4 axb4 12. axb4 f4 13.
gxf4 exf4 14. f3 g5 15. Nd5 Ne5 16. c5 Nxd5 17. Qb3 c6 18. exd5 Bxd5 19. Qc2 g4 20. Nxf4 Ra2 21. Qd1 gxf3 22.
Bxf3 Nxf3+ 23. Rxf3 Bd4+ 24. Kh1 Qh4 25. Bd2 Rxd2 26. Qxd2 Bxf3+ 27. Ng2 Be5 0-1

[Event "NJSK 2024 C"]
[Site "Groningen, Netherlands"]
[Date "2024.04.29"]
[Round "4.13"]
[White "Guillaumond, Matthieu"]
[Black "Kors, Siebe"]
[Result "1-0"]
[TimeControl "90min/40moves + 30min + 30sec/move"]
[WhiteElo "1945"]
[BlackElo "1668"]

1. e4 e5 2. Nf3 Nc6 3. d4 exd4 4. Nxd4 Nxd4 5. Qxd4 d6 6. Nc3 c6 7. Bf4 Qf6 8. e5 dxe5 9. Bxe5 Qe7 10.
O-O-O f6 11. Bf4 Be6 12. Bc4 Kf7 13. Rhe1 Kg6 14. Rxe6 Qc5 15. Qd3+ Qf5 16. Qg3+ 1-0

[Event "NJSK 2024 C"]
[Site "Groningen, Netherlands"]
[Date "2024.04.29"]
[Round "4.14"]
[White "Winter, Sven"]
[Black "Stylianou, Alexandros"]
[Result "1-0"]
[TimeControl "90min/40moves + 30min + 30sec/move"]
[WhiteElo "1768"]
[BlackElo "1642"]

1. e4 c5 2. Nf3 Nc6 3. Bb5 g6 4. O-O Bg7 5. c3 Qc7 6. d4 a6 7. Ba4 b5 8. Bc2 e6 9. d5 Na7 10.
d6 Qa5 11. Be3 b4 12. e5 Bb7 13. Nbd2 bxc3 14. bxc3 Bxf3 15. Qxf3 Nc6 16. Nc4 Qxc3 17. Be4 Rc8 18. Bxc6 Rxc6 19. Rab1 Rc8 20. Qb7 Ne7 21. dxe7 Kxe7 22. Rfd1 Rhd8 23.
Nb6 Bxe5 24. Rxd7+ Kf8 25. Nxc8 Rxd7 26. Qxd7 Kg7 27. Nd6 Bxd6 28. Qxd6 Kf6 29. Bxc5 Kf5 30. Bd4 Qd2 31. Qe5+ Kg4 32.
Be3 1-0

[Event "NJSK 2024 C"]
[Site "Groningen, Netherlands"]
[Date "2024.04.30"]
[Round "5.1"]
[White "Chua, Ethan"]
[Black "Groenewoud, Joel"]
[Result "1-0"]
[TimeControl "90min/40moves + 30min + 30sec/move"]
[WhiteElo "2000"]
[BlackElo "2030"]

1. e4 c6 2. d4 d5 3. e5 c5 4. dxc5 e6 5. Nf3 Bxc5 6. a3 Nd7 7. b4 Be7 8. Bb2 a5 9. b5 Nh6 10.
Nbd2 f6 11. c4 Nxe5 12. Nxe5 fxe5 13. Bxe5 O-O 14. Be2 b6 15. O-O Bb7 16. Nf3 Nf7 17. Bb2 Bf6 18. Bxf6 Qxf6 19. cxd5 exd5 20.
Rc1 Rac8 21. Qd4 Qh6 22. Nd2 Qd6 23. Bg4 Rce8 24. Rfd1 Ne5 25. Be2 Ng6 26. Bf3 Rf4 27. Nc4 Qe6 28.
Qxb6 Rxf3 29. Qxb7 Rd3 30. Ne3 Nf4 31. Rxd3 Nxd3 32. Rc7 Qf6 33. Qxd5+ 1-0

[Event "NJSK 2024 C"]
[Site "Groningen, Netherlands"]
[Date "2024.04.30"]
[Round "5.2"]
[White "Ritzerveld, Noah"]
[Black "Aravindhan, Achyuth"]
[Result "1-0"]
[TimeControl "90min/40moves + 30min + 30sec/move"]
[WhiteElo "2103"]
[BlackElo "2071"]

1. e4 c5 2. Nf3 Nc6 3. d4 cxd4 4. Nxd4 Nf6 5. Nc3 e5 6. Ndb5 d6 7. Bg5 a6 8. Na3 b5 9. Nab1 Be7 10.
Bxf6 Bxf6 11. a4 b4 12. Nd5 O-O 13. Bc4 Bg5 14. O-O Kh8 15. Qd3 f5 16. Nd2 a5 17. Rad1 Bh6 18. c3 bxc3 19.
bxc3 Ne7 20. Nxe7 Qxe7 21. Bd5 Ba6 22. c4 Rab8 23. exf5 Bxd2 24. Rxd2 Rb4 25. Be6 Rxa4 26. Qxd6 Qxd6 27.
Rxd6 Bxc4 28. Rfd1 h5 29. h4 Rf6 30. Rc6 Bxe6 31. fxe6 Rd4 32. Rxd4 1-0

[Event "NJSK 2024 C"]
[Site "Groningen, Netherlands"]
[Date "2024.04.30"]
[Round "5.3"]
[White "Terlouw, Wouter"]
[Black "Kurt, Sascha"]
[Result "1/2-1/2"]
[TimeControl "90min/40moves + 30min + 30sec/move"]
[WhiteElo "1961"]
[BlackElo "2096"]

1. d4 d5 2. c4 e6 3. Nf3 Nf6 4. g3 dxc4 5. Bg2 c5 6. O-O Nc6 7. dxc5 Qxd1 8. Rxd1 Bxc5 9. Nbd2 c3 10. bxc3 O-O 11. Nb3 Be7 12. Nbd4 Nxd4 13. cxd4 Nd5 14.
Bd2 f5 15. Ne5 Bd6 16. Rab1 b6 17. a4 Ba6 18. e4 fxe4 19. Bxe4 Rfc8 20. a5 Rab8 21. axb6 Nxb6 22. Bg2 Bb7 23.
Bb4 Bxe5 24. dxe5 Bxg2 25. Kxg2 Nd5 26. Bd6 Rxb1 27. Rxb1 a5 28. Ra1 Ra8 29. Kf3 a4 30. Ke4 Kf7 31.
Kd4 g5 32. Kc4 Kg6 33. Kb5 g4 34. Ra3 Kf5 35. Rd3 Ke4 36. Ra3 Kd4 37. Rxa4+ Rxa4 38. Kxa4 Nc3+ 39. Kb4 Nd1 40. Bc7 Nb2 41.
Kb3 Nd3 42. Kc2 Ne1+ 43. Kd2 Nf3+ 44. Ke2 Nxh2 45. Bb8 Ke4 46. Bc7 Nf3 47. Kf1 Nxe5 48. Kg2 Nd3 49. Ba5 Nb2 50. Bc3 Nc4 51.
Bb4 e5 52. Bc5 Kd3 53. Kf1 Nd2+ 54. Ke1 Ne4 55. Bb6 Nd6 56. Kf1 Nf5 57. Bc7 e4 58. Bf4 Ne7 59. Bg5 Nd5 60. Bh6 Nb6 61.
Be3 Nc4 62. Bf4 Nd2+ 63. Ke1 Nf3+ 64. Kf1 h5 65. Bh6 Nd4 66. Be3 Nf5 67. Bf4 Nd4 68. Be3 Nb3 69. Bh6 Nd4 70. Be3 1/2-1/2

[Event "NJSK 2024 C"]
[Site "Groningen, Netherlands"]
[Date "2024.04.30"]
[Round "5.4"]
[White "Darie, Aden"]
[Black "Ambrona Navarro, Himar"]
[Result "1/2-1/2"]
[TimeControl "90min/40moves + 30min + 30sec/move"]
[WhiteElo "1923"]
[BlackElo "1963"]

1. e4 c5 2. Nf3 d6 3. d4 cxd4 4. Nxd4 Nf6 5. f3 g6 6. c4 a6 7. Nc3 Bg7 8. Be3 h5 9. Be2 Nbd7 10.
Qd2 b6 11. Rc1 Bb7 12. O-O Rc8 13. Rfd1 O-O 14. Bf1 Nc5 15. b3 Qc7 16. Nd5 Bxd5 17. cxd5 Qb7 18. b4 Ncd7 19. Nc6 Ne5 20.
Nxe5 dxe5 21. b5 axb5 22. Bxb5 Rfd8 23. Qe2 Rb8 24. Rc6 Rd6 25. Rdc1 Rxc6 26. Rxc6 Qa7 27. a4 Nd7 28. Qc2 Nc5 29.
Bxc5 bxc5 30. Qxc5 Qxc5+ 31. Rxc5 Bh6 32. Rc7 Be3+ 33. Kf1 Kf8 34. Ke2 Bb6 35. Rc6 Bd4 36. Kd3 Bg1 37. h3 Kg7 38.
Kc4 Rb6 39. Rc7 Kf6 40. a5 Rb8 41. a6 Ra8 42. Kb4 Be3 43. Ka5 Rb8 44. Rb7 Rxb7 45. axb7 Ba7 46. Ka6 Bb8 47. Kb6 e6 48.
Kc6 Ke7 49. Bc4 Bd6 50. dxe6 fxe6 51. g4 h4 52. Kb6 Bb8 53. Kc6 g5 1/2-1/2

[Event "NJSK 2024 C"]
[Site "Groningen, Netherlands"]
[Date "2024.04.30"]
[Round "5.5"]
[White "De Jong, Lode"]
[Black "Leenen, Boyd"]
[Result "1-0"]
[TimeControl "90min/40moves + 30min + 30sec/move"]
[WhiteElo "1587"]
[BlackElo "1920"]

1. d4 Nf6 2. c4 e6 3. g3 d5 4.
Nf3 c6 5. Bg2 Be7 6. O-O O-O 7. Qc2 Nbd7 8. Nbd2 Re8 9. e4 dxe4 10. Nxe4 Nxe4 11. Qxe4 Nf6 12. Qe2 Bd6 13. Rd1 Bd7 14.
Ne5 Rc8 15. Bg5 Be7 16. a3 Qc7 17. b4 Nd5 18. cxd5 Bxg5 19. Qh5 Bf6 20. Qxf7+ Kh8 21. Qxd7 Bxe5 22. dxc6 Rcd8 23. Qxc7 Bxc7 24.
cxb7 Bb6 25. Rac1 Kg8 26. Rc4 Kf8 27. Rdc1 a5 28. bxa5 Ba7 29. Rc8 Ke7 30. R1c7+ Rd7 31. Rxd7+ Kxd7 32. Bc6+ 1-0

[Event "NJSK 2024 C"]
[Site "Groningen, Netherlands"]
[Date "2024.04.30"]
[Round "5.6"]
[White "Lalkota, Sai Pranav Tejas"]
[Black "Grooten, Tommy"]
[Result "0-1"]
[TimeControl "90min/40moves + 30min + 30sec/move"]
[WhiteElo "1782"]
[BlackElo "2018"]

1. c4 c5 2. g3 g6 3. Bg2 Bg7 4. Nc3 Nc6 5. Nf3 d6 6. O-O e6 7. e3 Nge7 8. d4 O-O 9. Ne2 Qc7 10.
Bd2 e5 11. d5 Nd8 12. Bc3 f5 13.
Qc2 Nf7 14. Nd2 g5 15. f4 Bd7 16. Nf3 h6 17. Rfd1 g4 18. Nd2 Rae8 19. b4 cxb4 20. Bxb4 exf4 21. Nxf4 Bxa1 22. Rxa1 Ne5 23.
Bc3 N7g6 24. Bxe5 Nxe5 25. Ne6 Bxe6 26. dxe6 Kg7 27. Bd5 b5 28. Rb1 Rb8 29. Rf1 bxc4 30. Rxf5 Rxf5 31. Qxf5 Rf8 32. Qc2 Qc5 33. e7 Qxe3+ 34. Kh1 Qe1+ 0-1

[Event "NJSK 2024 C"]
[Site "Groningen, Netherlands"]
[Date "2024.04.30"]
[Round "5.7"]
[White "Zecha, Oscar"]
[Black "Frederiks, Jesse"]
[Result "1-0"]
[TimeControl "90min/40moves + 30min + 30sec/move"]
[WhiteElo "1998"]
[BlackElo "1718"]

1. e4 e6 2. d4 d5 3. e5 c5 4. c3 Nc6 5. Nf3 Qb6 6. Bd3 Bd7 7. O-O cxd4 8. Re1 Nge7 9. a3 Nf5 10.
b4 Rc8 11. b5 Na5 12. Bxf5 exf5 13. Nxd4 Bc5 14. a4 Bxd4 15. cxd4 Rxc1 16. Qxc1 Nb3 17. Qb2 Nxa1 18. Qxa1 O-O 19.
Rc1 f4 20. Nd2 Bg4 21. h3 Bf5 22. Rc5 Qg6 23. Qc3 Be6 24. Kh2 Qf5 25. Qf3 h5 26. Rc7 Rb8 27. Nb3 g6 28. Nc5 b6 29.
Nxe6 fxe6 30. Qc3 Rf8 31. Rxa7 f3 32. Qc7 Rf7 33. Qxf7+ Qxf7 34. Rxf7 Kxf7 35. a5 bxa5 36. b6 g5 37.
gxf3 Kg6 38. b7 Kf5 39. b8=Q a4 40. Qg8 g4 41. Qf7+ Kg5 42. h4+ Kh6 43. fxg4 hxg4 44. h5 Kg5 45.
Kg3 a3 46. Qg6# 1-0

[Event "NJSK 2024 C"]
[Site "Groningen, Netherlands"]
[Date "2024.04.30"]
[Round "5.8"]
[White "Tetova, Amir"]
[Black "Koppenens, Oscar"]
[Result "1-0"]
[TimeControl "90min/40moves + 30min + 30sec/move"]
[WhiteElo "1767"]
[BlackElo "1893"]

1. d4 Nf6 2. Nf3 g6 3. Bf4 Bg7 4.
e3 O-O 5. Be2 d5 6. O-O c5 7. c3 Qb6 8. Qb3 c4 9. Qxb6 axb6 10. Na3 Nc6 11. h3 Nd7 12. Bh2 Ra5 13. Bc7 e5 14.
dxe5 Ncxe5 15. Nd4 Re8 16. Rfd1 Bf8 17. Ndb5 Bxa3 18. Nxa3 Re6 19. f4 Nc6 20. Kf2 Ne7 21. Nc2 Rc6 22.
Bd8 Nf5 23. g4 Nd6 24. Nd4 Ne4+ 25. Kf3 Rcc5 26. b4 cxb3 27. Nxb3 Nxc3 28. Nxc5 Nxd1 29. Nxd7 Bxd7 30. Rxd1 Rxa2 31. Rb1 Bc6 32. Bb5 Ra5 33.
Bxc6 bxc6 34. Rxb6 Ra8 35. Bf6 Rc8 36.
Ke2 Kf8 37. Kd3 Ke8 38. g5 Kd7 39. Rb7+ Rc7 40. Rb6 Ra7 41. Rb8 Ra3+ 42. Bc3 c5 43. Rb7+ Ke6 44. Rc7 c4+ 45. Kd4 Rb3 46.
Rc6+ Kd7 47. Rc5 Ke6 48. Rxd5 f6 49. Rc5 fxg5 50. Rxg5 Rb1 51. Kxc4 Rh1 52. Rg3 Kf5 53. Kd5 Rd1+ 54.
Bd4 h6 55. Rg4 Re1 56. Rg2 Rh1 57. Rf2 Rxh3 58. e4 Kg4 59. e5 Ra3 60. e6 Kf5 61. e7 Ra8 62. Kd6 Rb8 63. Re2 Kxf4 64.
Rf2+ Kg4 65. Rf8 Rb4 66. e8=Q Rxd4+ 67. Kc5 Rd2 68. Qxg6+ Kh3 69. Rf3+ Kh4 70. Qg3+ Kh5 71. Rf5 1-0

[Event "NJSK 2024 C"]
[Site "Groningen, Netherlands"]
[Date "2024.04.30"]
[Round "5.9"]
[White "Roorda, Cas"]
[Black "De Wit, Evan"]
[Result "1/2-1/2"]
[TimeControl "90min/40moves + 30min + 30sec/move"]
[WhiteElo "1828"]
[BlackElo "1769"]

1. e4 c5 2. Nf3 Nc6 3. d4 cxd4 4. Nxd4 Nf6 5. Nc3 e5 6.
Ndb5 d6 7. Nd5 Nxd5 8. exd5 Nb8 9. c4 Be7 10. Bd3 a6 11. Nc3 O-O 12. O-O f5 13. f3 Nd7 14. Kh1 a5 15. Be3 Bg5 16.
Bg1 Bf4 17. a3 Qh4 18. Ne2 Bg5 19. b4 e4 20. fxe4 Bf6 21. Rb1 fxe4 22. Rf4 exd3 23. Rxh4 dxe2 24. Qxe2 Bxh4 25. Qe6+ Kh8 26. Qxd6 axb4 27. axb4 Ra6 28.
Qc7 Rg6 29. Qa5 Ne5 30. Qc5 Re8 31. Qe3 Bd7 32. Rf1 Bf6 33. Qb3 Rc8 34. Rc1 Bf5 35. Re1 Bd3 36. c5 Bc4 37. Qd1 Nd3 38.
Re4 Bb5 39. Qd2 Ne5 40. Qe1 Re8 41. Bd4 Rg5 42. Be3 Rh5 43. Bf4 Rf5 44. g3 Bd3 45. Re3 Bc4 46. Qd2 Bg5 47. Bxg5 Rxg5 48.
Qd4 h6 49. Rxe5 Rgxe5 50. Qxc4 Re2 51. Qd4 Rc2 52. Qd1 Ree2 53. Qf1 Rxh2+ 54. Kg1 Rhd2 55. d6 Rd5 56. Qf8+ 1/2-1/2

[Event "NJSK 2024 C"]
[Site "Groningen, Netherlands"]
[Date "2024.04.30"]
[Round "5.11"]
[White "Haque, Nishaaz"]
[Black "Guillaumond, Matthieu"]
[Result "0-1"]
[TimeControl "90min/40moves + 30min + 30sec/move"]
[WhiteElo "1803"]
[BlackElo "1945"]

1. d4 Nf6 2. Nf3 g6 3. e3 Bg7 4.
Bd3 O-O 5. b3 c5 6. Bb2 d5 7. a3 b6 8. c4 e6 9. O-O Ne4 10. Ne1 Nd6 11. Qc2 Nd7 12. Nd2 Bb7 13. Nef3 Rc8 14.
e4 cxd4 15. Bxd4 e5 16. Bc3 d4 17. Bb2 f5 18. Ne1 Nc5 19. f3 Bh6 20. exf5 gxf5 21. Rd1 e4 22. Bxd4 exd3 23. Nxd3 Nde4 24.
Bxc5 Nxc5 25. Nxc5 Qd4+ 26. Kh1 Qxc5 27. Nb1 b5 28. Qe2 Rfe8 29. Qd3 bxc4 30. bxc4 Ba6 31. Nd2 Rcd8 0-1

[Event "NJSK 2024 C"]
[Site "Groningen, Netherlands"]
[Date "2024.04.30"]
[Round "5.12"]
[White "Klein Tuente, Sam"]
[Black "Etienne, Ghilon"]
[Result "1-0"]
[TimeControl "90min/40moves + 30min + 30sec/move"]
[WhiteElo "1732"]
[BlackElo "1793"]

1. e4 e5 2. Nf3 Nc6 3. Bc4 Nf6 4. d3 h6 5. c3 d6 6. O-O g5 7. Re1 Bg7 8. d4 O-O 9. h3 g4 10.
hxg4 Bxg4 11. d5 Ne7 12. Bd3 Ng6 13. Nbd2 Nf4 14. Nf1 N6h5 15. N1h2 Qd7 16. g3 Nxd3 17. Qxd3 Bh3 18. Nh4 Nf6 19.
f3 Qe7 20. g4 h5 21. Nf5 Qd7 22. Qe3 Nh7 23. Nxg7 Kxg7 24. Qh6+ Kh8 25. Qxh5 Rg8 26. Qxh3 f5 27. g5 Raf8 28.
Kh1 Qf7 29. exf5 Qxf5 30. Qxf5 Rxf5 31. Rg1 Nxg5 32. Bxg5 Rgxg5 33. Rxg5 Rxg5 34. Rg1 Rh5 35. Rg4 c6 36. dxc6 bxc6 37.
Rg6 d5 38. Rxc6 e4 39. fxe4 dxe4 40. Re6 Ra5 41. a3 Ra4 42. Kg2 Kg7 43. Kf2 Kf7 44. Rh6 Ra5 45. Ke3 Rb5 46. b4 a5 47. Kxe4 axb4 48. cxb4 Rb8 49. Ra6 Ke7 50. Kd5 Kd7 51.
Ra7+ Kc8 52. Kc6 Kd8 53. Rh7 Rc8+ 54. Kd6 1-0

[Event "NJSK 2024 C"]
[Site "Groningen, Netherlands"]
[Date "2024.04.30"]
[Round "5.13"]
[White "Kors, Siebe"]
[Black "Winter, Sven"]
[Result "0-1"]
[TimeControl "90min/40moves + 30min + 30sec/move"]
[WhiteElo "1668"]
[BlackElo "1768"]

1. e4 c6 2. d4 d5 3. e5 c5 4. c3 Nc6 5. Nf3 cxd4 6. cxd4 Bg4 7. Bb5 e6 8. O-O Nge7 9. Nc3 Nf5 10.
Be3 Be7 11. h3 Bxf3 12. Qxf3 O-O 13. a3 Ncxd4 14. Bxd4 Nxd4 15. Qd1 Nc6 16. Bxc6 bxc6 17. Ne2 c5 18. Qd3 Rb8 19. Rab1 c4 20.
Qc3 Rb3 21. Qd4 Qb6 22. Qxb6 Rxb6 23. Rfd1 Rfb8 24. Rd2 Bxa3 25. Ra1 Bxb2 26. Rxa7 Bxe5 27. g3 c3 28. Rda2 d4 29. R2a3 c2 30.
Kg2 Rb1 31. Nc1 Rxc1 32. Ra8 Rcb1 0-1

[Event "NJSK 2024 C"]
[Site "Groningen, Netherlands"]
[Date "2024.04.30"]
[Round "5.14"]
[White "Stylianou, Alexandros"]
[Black "Van Haaften, Jelle"]
[Result "0-1"]
[TimeControl "90min/40moves + 30min + 30sec/move"]
[WhiteElo "1642"]
[BlackElo "1655"]

1. d4 Nf6 2. c4 g6 3. Nc3 Bg7 4.
Nf3 O-O 5. Bf4 d6 6. e3 Nbd7 7. Bd3 Ne8 8. O-O e5 9. Bg5 f6 10. Bh4 Kh8 11. Nd2 Rg8 12. f3 g5 13. Bf2 Nf8 14.
Qb3 f5 15. c5 Ng6 16. Ne2 dxc5 17. dxc5 Be6 18. Nc4 Nf6 19. Rfd1 Qe7 20. e4 f4 21. Rab1 Rad8 22. Qxb7 Rxd3 23.
Rxd3 Bxc4 24. Rd2 g4 25. Nc3 gxf3 26. gxf3 Bf8 27. Kh1 Qe6 28. Ne2 Bxe2 29. Rxe2 Qh3 30. Qb3 Nd7 31. Qc3 Bxc5 32.
Bxc5 Nxc5 33. Rg1 Ne6 34. Rf2 Nd4 35. Rfg2 Qxf3 36. Qxf3 Nxf3 37. Rc1 Rg7 38. Rgc2 Ng5 39. Rxc7 Nxe4 40.
Rxg7 Kxg7 41. Rc7+ Kf6 42. Rxa7 Ne7 43. b4 f3 44. b5 Nd5 45. b6 f2 46. Kg2 Ne3+ 47. Kf3 f1=Q+ 48. Kxe3 Qf4+ 49.
Kd3 Nc5+ 50. Ke2 Qxh2+ 51. Ke3 Qg3+ 52. Kd2 Qd3+ 53. Kc1 Qe2 0-1

[Event "NJSK 2024 C"]
[Site "Groningen, Netherlands"]
[Date "2024.05.01"]
[Round "6.1"]
[White "Ritzerveld, Noah"]
[Black "Chua, Ethan"]
[Result "1-0"]
[TimeControl "90min/40moves + 30min + 30sec/move"]
[WhiteElo "2103"]
[BlackElo "2000"]

1. e4 c6 2. d4 d5 3. Nc3 dxe4 4. Nxe4 Nf6 5. Nxf6+ exf6 6. c3 Bd6 7. Bd3 O-O 8. Qc2 Re8+ 9.
Ne2 f5 10. Bxf5 Bxf5 11. Qxf5 Nd7 12. Be3 Nb6 13. O-O Nc4 14. Ng3 g6 15. Qf3 Qe7 16. b3 Nxe3 17. Rfe1 Qh4 18. Rxe3 Bf4 19.
Re2 Rxe2 20. Qxe2 Rd8 21. Re1 c5 22. dxc5 Rd2 23. Qe7 Qh6 24. Qxb7 Rxa2 25. Qc8+ Kg7 26. Qg4 Kf8 27. c6 Bxg3 28.
Qb4+ Kg7 29. Qd4+ 1-0

[Event "NJSK 2024 C"]
[Site "Groningen, Netherlands"]
[Date "2024.05.01"]
[Round "6.2"]
[White "Groenewoud, Joel"]
[Black "Darie, Aden"]
[Result "1-0"]
[TimeControl "90min/40moves + 30min + 30sec/move"]
[WhiteElo "2030"]
[BlackElo "1923"]

1. e4 c6 2. d4 d5 3. e5 c5 4. dxc5 e6 5. c3 Nc6 6. Nf3 Bxc5 7. b4 Bb6 8. b5 Nb8 9. Bd3 Nd7 10.
a4 Ne7 11. O-O Ng6 12. Re1 Qc7 13. Qe2 O-O 14. h4 Nc5 15. h5 Nxd3 16. Qxd3 Ne7 17. Ng5 g6 18. Qf3 Nf5 19. g4 Ng7 20.
Nd2 Ne8 21. Nb3 f6 22. Ba3 Rf7 23. Nxf7 Qxf7 24. Rac1 a6 25. Bc5 Bc7 26. exf6 Nxf6 27. Bd4 Nxg4 28. Qxg4 e5 29. Qg5 exd4 30.
cxd4 axb5 31. hxg6 hxg6 32. Rxc7 Qxf2+ 33. Kxf2 Bd7 34. Qxg6+ Kf8 35. Rxd7 1-0

[Event "NJSK 2024 C"]
[Site "Groningen, Netherlands"]
[Date "2024.05.01"]
[Round "6.3"]
[White "Kurt, Sascha"]
[Black "De Jong, Lode"]
[Result "1-0"]
[TimeControl "90min/40moves + 30min + 30sec/move"]
[WhiteElo "2096"]
[BlackElo "1587"]

1. e4 d6 2. d4 Nf6 3. Nc3 g6 4. Be2 Bg7 5. h4 c5 6. dxc5 Qa5 7. Bd2 Qxc5 8. h5 O-O 9. hxg6 fxg6 10.
Be3 Qb4 11. Qd3 Nc6 12. a3 Qa5 13. Qc4+ e6 14. O-O-O Rd8 15. Nf3 d5 16. exd5 exd5 17. Qh4 h5 18. Bd3 Ng4 19. Bxg6 d4 20.
Nxd4 Nxd4 21. Bxd4 Rxd4 22. Rxd4 Bxd4 23. Qe7 Nf6 24. Qf7+ Kh8 25. Qf8+ Ng8 26. Rxh5+ Qxh5 27. Bxh5 Bg7 28.
Qe8 Bh6+ 29. Kb1 Kg7 30. Bg4 Nf6 31. Qe7+ Kg6 32. Bxc8 Rxc8 33. Ne4 Rf8 34. Qxb7 Nxe4 35. Qxe4+ Kg7 36.
Qd4+ Kg6 37. g3 Rf7 38. f4 Bg7 39. Qe4+ Kh6 40. g4 Bh8 41. g5+ Kg7 42. f5 Kg8 43. Qe8+ Rf8 44. Qg6+ Bg7 45.
f6 Rd8 46. Qxg7# 1-0

[Event "NJSK 2024 C"]
[Site "Groningen, Netherlands"]
[Date "2024.05.01"]
[Round "6.4"]
[White "Aravindhan, Achyuth"]
[Black "Terlouw, Wouter"]
[Result "1-0"]
[TimeControl "90min/40moves + 30min + 30sec/move"]
[WhiteElo "2071"]
[BlackElo "1961"]

1. e4 c5 2. Nf3 Nc6 3. d4 cxd4 4. Nxd4 Nf6 5. Nc3 e5 6. Ndb5 d6 7. Bg5 a6 8. Na3 b5 9. Nd5 Be7 10.
Bxf6 Bxf6 11. c3 O-O 12. Nc2 Rb8 13. h4 g6 14. g3 Bg7 15. Bg2 Ne7 16. h5 Bb7 17. Nce3 Nxd5 18. Nxd5 Rc8 19.
Qb3 Bf6 20. hxg6 hxg6 21. O-O-O Bxd5 22. Qxd5 Qb6 23. Kb1 Rfd8 24. Qd2 Rc4 25. Rhe1 b4 26. cxb4 Rxb4 27. Re2 d5 28. exd5 e4 29.
Qc1 Rb8 30. Rdd2 Bg5 31. Bxe4 Bxd2 32. Qxd2 Qf6 33. Qc1 a5 34. f3 a4 35. g4 Qd4 36. Rd2 Qe3 37. Qd1 Qc3 38. Qc1 Qe3 39.
Qd1 Qb6 40. Qc1 Rd4 41. Rh2 Qb5 42. Qh1 Kf8 43. Rh8+ Ke7 44. Rxb8 Qxb8 45. Qh4+ Kd7 46. Qf6 Qb4 47. Qxf7+ Kd8 48.
Qg8+ Kc7 49. Qf7+ Kd8 50. Qf6+ Kd7 51. Qc6+ Kd8 52. Qc3 Qb6 53. Kc2 g5 54. Qc6 Qb4 55. Qf6+ Kc7 56. Qc6+ Kd8 57.
Qf6+ Kc7 58. Qc6+ Kd8 59. Bd3 Ke7 60. Qe6+ Kd8 61. Qf6+ Kc7 62. Qc6+ Kd8 63. Qf6+ Kc7 64. Qc6+ Kd8 65.
Qf6+ Kc7 66. Qe5+ Kd8 67. Qxg5+ Kc7 68. Qg7+ Kd8 69. Qf6+ Kc7 70. Qc6+ Kd8 71. Qf6+ Kc7 72. Qc6+ Kd8 73.
g5 Rh4 74. Qf6+ Kc8 75. Qc3+ Qxc3+ 76. Kxc3 Kc7 77. g6 Rh3 78. f4 Kd6 79. f5 Ke7 80. Kd4 Rg3 81. Be4 Kf6 82. d6 Rg1 83.
d7 Ke7 84. Ke5 Kxd7 85. Kf6 Kd6 86. g7 Rg4 87. Bc2 Kd5 88. Bxa4 1-0